Map: Goldenaura LE

Players

Wasa

  • Race: Terran Terran
  • League: Diamond
  • Spawn Location: 5:00

A.I. 1 (Easy) - Winner!

  • Race: Protoss Protoss
  • Spawn Location: 12:00

VOD

Have the link to the VOD?

Description

Time

  • Played on: Oct. 29, 2024, 7:12 p.m.
  • Length: 5:33
Show
View Real Time Build Order
Export as new Build Order

Wasa Terran 

Build Orders:  

Get SALT Encoding   

  12  0:00  SCV  
  13  0:12  SCV  
  14  0:17  Supply Depot  
  14  0:24  SCV  
  15  0:39  SCV  
  15  0:40  Barracks  
  16  0:44  Refinery  
  16  0:51  SCV  
  17  1:03  SCV  
  18  1:15  SCV  
  19  1:27  Orbital Command, Barracks Reactor  
  19  1:40  Command Center  
  19  1:51  Supply Depot  
  19  1:53  SCV  
  20  2:03  Marine  
  20  2:04  Marine  
  20  2:05  SCV  
  23  2:15  Barracks  
  23  2:17  SCV  
  23  2:21  Marine x2  
  26  2:31  Barracks  
  26  2:36  Supply Depot, SCV  
  27  2:39  Marine  
  27  2:41  Marine  
  29  2:48  SCV  
  30  2:53  Orbital Command  
  30  2:59  Marine  
  30  3:02  Barracks Tech Lab  
  30  3:03  Marine  
  30  3:04  SCV  
  33  3:16  SCV  
  33  3:18  Barracks Tech Lab  
  34  3:21  Stimpack  
  34  3:22  Marine x2, Marauder  
  34  3:25  SCV  
  39  3:28  SCV  
  40  3:36  Combat Shield  
  40  3:37  SCV  
  40  3:38  Marauder  
  40  3:41  SCV  
  44  3:43  Marine x2  
  44  3:47  Marauder  
  48  3:49  SCV  
  48  3:53  SCV  
  48  3:54  Supply Depot  
  50  4:01  SCV  
  50  4:02  Marine  
  51  4:03  Marauder  
  54  4:10  Refinery  
  54  4:13  SCV, Marine  
  54  4:14  SCV  
  59  4:23  Factory  
  59  4:25  SCV  
  59  4:26  SCV  
  59  4:29  Marauder  
  61  4:31  Marine x2, Marauder  
  61  4:37  SCV  
  61  4:38  SCV  
  67  4:42  Supply Depot  
  67  4:45  Supply Depot  
  67  4:49  SCV  
  67  4:50  SCV  
  67  4:52  Marine  
  70  5:00  Refinery  
  70  5:01  Refinery  
  70  5:03  Marine  
  70  5:04  Command Center, Marauder  
  70  5:05  SCV x2  
  75  5:09  Starport  
  75  5:15  Factory Reactor  
  75  5:17  SCV x2  
Show
View Real Time Build Order
Export as new Build Order

A.I. 1 (Easy) Protoss - Winner!

Build Orders:  

Get SALT Encoding   

  12  0:00  Probe  
  13  0:13  Probe  
  14  0:20  Pylon  
  14  0:25  Probe  
  15  0:34  Probe  
  16  0:44  Assimilator  
  16  0:52  Gateway  
  16  0:54  Pylon  
  16  1:19  Assimilator  
  16  1:31  Zealot  
  18  1:43  Cybernetics Core  
  18  1:46  Probe  
  19  1:58  Pylon  
  19  2:00  Probe  
  20  2:08  Probe  
  20  2:09  Warp Gate  
  21  2:17  Probe  
  21  2:21  Adept  
  24  2:29  Probe  
  25  2:41  Probe  
  26  2:51  Stalker  
  28  3:21  Adept  
  30  5:18  Probe, Sentry  
  33  5:21  Pylon  
  33  5:24  Robotics Facility  
Tags
 
League
Diamond
Matchup
PvT
Spawn Locations
Cross Positions
Add a new tag
Caveats
  • Supply blocks, unpowered buildings, or Contaminate may cause inaccurate times.
  • Supply counts are checked every 10 seconds.